Map: Eastwatch LE

Players

axu

  • Race: Protoss Protoss
  • League: Platinum
  • Spawn Location: 1:00

CptCrab - Winner!

  • Race: Protoss Protoss
  • League: Platinum
  • Spawn Location: 7:00

VOD

Have the link to the VOD?

Description

Time

  • Played on: March 27, 2018, 12:17 p.m.
  • Length: 8:55
Show
View Real Time Build Order
Export as new Build Order

axu Protoss 

Build Orders:  

Get SALT Encoding   

  12  0:01  Probe  
  13  0:15  Probe  
  14  0:22  Pylon  
  14  0:27  Probe  
  15  0:40  Probe  
  16  0:43  Gateway  
  16  0:49  Assimilator  
  16  0:52  Probe  
  16  0:55  Assimilator  
  18  1:04  Probe  
  18  1:09  Gateway  
  18  1:16  Probe  
  19  1:28  Probe  
  19  1:31  Cybernetics Core  
  20  1:40  Probe (Chrono Boost)  
  21  1:53  Pylon  
  21  1:56  Probe (Chrono Boost)  
  22  2:11  Stalker x2  
  22  2:13  Probe  
  26  2:34  Warp Gate (Chrono Boost)  
  26  2:41  Nexus  
  26  2:42  Stalker  
  28  2:49  Pylon  
  28  2:53  Probe  
  29  3:06  Probe  
  30  3:15  Gateway  
  30  3:20  Gateway  
  30  3:27  Twilight Council  
  30  3:28  Probe  
  31  3:45  Robotics Facility  
  31  3:46  Probe (Chrono Boost)  
  32  3:54  Probe (Chrono Boost)  
  33  3:58  Probe (Chrono Boost)  
  34  4:04  Probe (Chrono Boost)  
  31  4:32  Warp Prism  
  31  4:33  Blink (Chrono Boost)  
  33  4:46  Probe x2 (Chrono Boost)  
  35  4:58  Probe x2 (Chrono Boost)  
  37  5:00  Stalker  
  37  5:02  Stalker  
  37  5:06  Probe (Chrono Boost)  
  42  5:14  Stalker  
  44  5:18  Probe  
  44  5:19  Probe  
  46  5:31  Probe (Chrono Boost)  
  48  5:36  Probe (Chrono Boost)  
  48  5:38  Assimilator  
  48  5:40  Assimilator  
  48  5:41  Probe (Chrono Boost)  
  49  5:45  Probe (Chrono Boost)  
  49  5:47  Probe (Chrono Boost)  
  51  5:55  Probe  
  52  6:00  Zealot  
  54  6:06  Pylon  
  54  6:10  Pylon  
  54  6:15  Pylon  
  52  6:26  Pylon  
  52  6:28  Pylon  
  52  6:30  Probe x2  
  54  6:38  Stalker  
  54  6:39  Stalker x3  
  62  6:42  Probe x2  
  64  6:50  Gateway  
  64  6:53  Gateway  
  64  6:54  Probe  
  64  6:55  Gateway  
  32  7:22  Stalker  
  32  7:23  Stalker x2  
  32  7:24  Stalker  
Show
View Real Time Build Order
Export as new Build Order

CptCrab Protoss - Winner!

Build Orders: Oracle Opening 

Get SALT Encoding   

  12  0:02  Probe (Chrono Boost)  
  13  0:11  Probe (Chrono Boost)  
  14  0:19  Pylon  
  14  0:23  Probe  
  15  0:37  Probe  
  15  0:41  Gateway  
  16  0:49  Probe  
  17  0:50  Assimilator  
  17  1:01  Probe (Chrono Boost)  
  17  1:02  Assimilator  
  19  1:13  Probe (Chrono Boost)  
  19  1:16  Forge  
  19  1:25  Probe  
  20  1:32  Cybernetics Core  
  20  1:38  Pylon  
  20  1:42  Probe  
  21  1:55  Photon Cannon  
  21  2:10  Stargate  
  21  2:15  Shield Battery  
  21  2:29  Photon Cannon  
  21  2:37  Stalker  
  23  2:50  Photon Cannon  
  23  2:51  Oracle (Chrono Boost)  
  26  3:05  Pylon  
  26  3:14  Probe  
  27  3:21  Oracle (Chrono Boost)  
  30  3:32  Pylon  
  30  3:35  Stalker  
  32  3:53  Oracle (Chrono Boost)  
  35  4:25  Probe  
  35  4:26  Oracle  
  39  5:00  Nexus  
  39  5:02  Pylon  
  39  5:03  Oracle (Chrono Boost)  
  39  5:04  Pylon  
  39  5:07  Pylon  
  42  5:09  Assimilator  
  42  5:12  Assimilator  
  42  5:35  Photon Cannon  
  42  5:36  Oracle (Chrono Boost)  
  42  5:37  Photon Cannon  
  45  5:47  Shield Battery  
  45  5:50  Shield Battery  
  45  6:02  Oracle (Chrono Boost)  
  48  6:13  Probe, Photon Cannon  
  49  6:29  Probe  
  50  6:34  Phoenix  
  52  6:40  Photon Cannon  
  52  6:41  Probe  
  53  6:54  Probe  
  54  7:06  Probe  
  52  7:30  Oracle  
  55  7:38  Stargate  
  55  7:45  Probe  
  56  7:57  Pylon, Probe  
  57  8:01  Photon Cannon  
  57  8:04  Photon Cannon  
  57  8:09  Probe  
  57  8:10  Stargate  
  57  8:12  Pylon  
Tags
 
Add a new tag
Caveats
  • Supply blocks, unpowered buildings, or Contaminate may cause inaccurate times.
  • Supply counts are checked every 10 seconds.